 Dungeon Crawl Stone Soup version 0.28.0-62-gf88900778d (webtiles) character file.

Game seed: 15716590914695041698

102 cbfl8 the Skirmisher (level 4, 0/35 HPs)
             Began as a Demonspawn Fighter on July 5, 2023.
             Succumbed to an orc wizard's poison
             ... on level 3 of the Dungeon.
             The game lasted 00:01:38 (2596 turns).

cbfl8 the Skirmisher (Demonspawn Fighter)           Turns: 2596, Time: 00:01:39

Health: 0/35       AC:  9    Str: 14 (16) XL:     4   Next: 50%
Magic:  4/4        EV:  8    Int:  7 (9)  God:
Gold:   98         SH:  4    Dex: 12 (15) Spells: 3/3 levels left

rFire   . . .      SeeInvis .   a - +0 war axe
rCold   . . .      Faith    .   c - +0 buckler
rNeg    . . .      Spirit   .   b - +0 scale mail
rPois   .          Reflect  .   (no helmet)
rElec   .          Harm     .   (no cloak)
rCorr   .          Rampage  .   (no gloves)
Will    .....                   (no boots)
Stlth   ..........              (no amulet)
HPRegen 0.11/turn               (no ring)
MPRegen 0.09/turn               (no ring)

@: mighty, lethally poisoned (0 -> -5)
A: yellow scales 2, powered by pain 1
a: no special abilities


You were on level 3 of the Dungeon.
You visited 1 branch of the dungeon, and saw 3 of its levels.

You collected 98 gold pieces.

Inventory:

Hand Weapons
 a - a +0 war axe (weapon)
Armour
 b - a +0 scale mail (worn)
 c - a +0 buckler (worn)
Scrolls
 e - a scroll of fear {unknown}
 f - a scroll of enchant armour {unknown}
 g - a scroll of enchant weapon {unknown}
 h - a scroll of teleportation {unknown}
Potions
 d - a potion of might


   Skills:
 + Level 3.5 Fighting
 + Level 2.5 Axes
 + Level 3.1 Armour
 + Level 0.5 Dodging
 + Level 2.9 Shields
 * Level 1.8 Evocations


You had 3 spell levels left.
You didn't know any spells.
Your spell library contained the following spells:

 Spells                   Type           Power      Damage    Failure   Level
 Frozen Ramparts          Ice            0%         1d2       100%        3
 Ice Form                 Ice/Tmut       0%         N/A       100%        4
 Summon Ice Beast         Ice/Summ       0%         N/A       100%        4


Dungeon Overview and Level Annotations

Branches:
Dungeon (3/15)

Altars:


Innate Abilities, Weirdness & Mutations

You are mostly covered in yellow scales. (AC +3)
You sometimes gain a little power by taking damage.


Message History

Unknown command.
You are too confused!
Unknown command.
You are too confused!
Unknown command.
You are too confused!
Unknown command.
You are too confused!
You feel very mighty all of a sudden.
You feel sick.
The orc wizard hits you but does no damage.
You are more poisoned.
The orc hits you but does no damage. x2
You feel sick.
The orc wizard hits you with a +1 dagger of venom.
The orc hits you but does no damage. x2
You climb downwards.
You feel very sick.
There is a stone staircase leading up here.
Okay, then.
You barely miss the orc wizard.
You barely miss the orc. x2; You feel sick.
The orc wizard hits you but does no damage.
You are lethally poisoned!
The orc hits you but does no damage. x2; The orc wizard barely misses you.
You feel less confused.
* * * LOW HITPOINT WARNING * * *
You feel sick. The orc closely misses you.
The orc wizard hits you with a +1 dagger of venom.
* * * LOW HITPOINT WARNING * * *
You slash the orc!
You kill the orc!
You barely miss the orc. You hit the orc wizard.
* * * LOW HITPOINT WARNING * * *
You feel very sick. The orc closely misses you.
The orc wizard hits you but does no damage.
You block the orc's attack.
* * * LOW HITPOINT WARNING * * *
You feel sick.
You die...

### ##########...
##..........##
##.....<.......
#......oo......
#<........$....
#......@.......
#.....)).........
##...............
##.......>.....#
..............##
####..###.#####..
#.. #.# .≈ ...
..#


You could see an orc wizard and an orc.

Vanquished Creatures
  A gnoll (D:1)
  2 adders (D:2)
  3 dart slugs (D:1)
  A worm (D:2)
  3 orcs (D:3)
  3 ball pythons
  4 endoplasms
  2 giant cockroaches
  4 goblins (D:1)
  4 hobgoblins
  3 jackals
  4 quokkas
  7 bats
  A frilled lizard (D:2)
  11 kobolds
  7 rats
60 creatures vanquished.

Vanquished Creatures (others)
  A plant (D:3)
1 creature vanquished.

Grand Total: 61 creatures vanquished

Notes
Turn   | Place    | Note
-------+----------+-------------------------------------------
     0 | D:1      | cbfl8 the Demonspawn Fighter began the quest for the Orb.
     0 | D:1      | Reached XP level 1. HP: 18/18 MP: 1/1
    39 | D:1      | Gained mutation: You sometimes gain a little power by
                  | taking damage. [demonic ancestry]
    39 | D:1      | Reached XP level 2. HP: 4/24 MP: 2/2
   817 | D:1      | Gained mutation: You are partially covered in yellow
                  | scales. (AC +2) [demonic ancestry]
   817 | D:1      | Reached XP level 3. HP: 29/29 MP: 3/3
  1007 | D:1      | Reached skill level 1 in Evocations
  1677 | D:2      | Gained mutation: You are mostly covered in yellow scales.
                  | (AC +3) [demonic ancestry]
  1677 | D:2      | Reached XP level 4. HP: 18/35 MP: 4/4
  2596 | D:3      | Succumbed to an orc wizard's poison

Illustrated notes

Levels and vault maps discovered:
D:1:      scummos_arrival_forest, layout_basic, minmay_unequal
D:2:      layout_basic
D:3:      layout_rooms, nemelex_dance_club_becter,
          mainiacjoe_overflow_cross_hatched, shapermc_ecumenical_altar_rom_forum

Skill      XL: |  1  2  3 |
---------------+----------+-----
Axes           | 2 |  2.5
Armour         | 3 |  3.1
Evocations     | 1 |  1.8
Fighting       | |  3.5
Dodging        | |  0.5
Shields        | |  2.9

Action                   |  1- 3 |  4- 6 || total
-------------------------+-------+-------++-------
Melee: War axe           |   103 |    53 ||   156
  Use: Scroll            |     1 |       ||     1
       Potion            |       |     3 ||     3
Armor: Scale mail        |    70 |    50 ||   120
Dodge: Dodged            |    56 |    31 ||    87
Block: Buckler           |    25 |    20 ||    45
